 Dungeon Crawl Stone Soup version 0.23-a0-49-gd9f7a49 (webtiles) character file.

27 CougarLife the Shield-Bearer (level 2, 23/29 HPs)
             Began as a Troll Fighter on Aug 6, 2018.
             Quit the game on level 2 of the Dungeon.
             The game lasted 00:01:01 (726 turns).

CougarLife the Shield-Bearer (Troll Fighter)         Turns: 726, Time: 00:01:01

Health: 23/29      AC:  5    Str: 23    XL:     2   Next: 93%
Magic:  2/2        EV:  8    Int:  4    God:
Gold:   68         SH:  8    Dex:  9    Spells: 3/3 levels left

rFire    . . .     SeeInvis .     - Unarmed
rCold    . . .     Gourm    +   b - +0 shield
rNeg     . . .     Faith    .   a - +0 robe
rPois    .         Spirit   .   (helmet restricted)
rElec    .         Reflect  .   (no cloak)
rCorr    .         Harm     .   (gloves unavailable)
MR       .....                  (boots unavailable)
Stlth    +.........             (no amulet)
HPRegen  0.49/turn              (no ring)
MPRegen  0.08/turn              (no ring)

@: no status effects
A: large, unfitting armour, claws 3, fast metabolism 3, gourmand, regeneration
1, shaggy fur 1, tough skin 2
a: no special abilities


You were on level 2 of the Dungeon.
You were not hungry.

You visited 1 branch of the dungeon, and saw 2 of its levels.

You collected 68 gold pieces.

Inventory:

Armour
 a - a +0 robe (worn)
 b - a +0 shield (worn)
Jewellery
 e - an uncursed ring of see invisible {unknown}
 n - an uncursed ring of protection from magic {unknown}
Scrolls
 j - a scroll of identify {unknown}
 k - 2 scrolls of teleportation {unknown}
 l - a scroll of fear {unknown}
 m - a scroll of remove curse {unknown}
Potions
 c - a potion of might
 f - a potion of brilliance {unknown}
 g - a potion of flight {unknown}
 h - a potion of invisibility {unknown}
 i - 3 potions of degeneration {unknown}
Comestibles
 d - 5 rations


   Skills:
 - Level 2.4 Fighting
 - Level 2.4 Dodging
 + Level 3.0 Shields
 - Level 2.0 Unarmed Combat
 - Level 1.0 Spellcasting


You had 3 spell levels left.
You didn't know any spells.
Your spell library was empty.

Dungeon Overview and Level Annotations

Branches:
Dungeon (2/15)

Altars:


Innate Abilities, Weirdness & Mutations

You are too large for most types of armour.
You have claws for hands.
Your metabolism is lightning-fast.
You like to eat raw meat.
Your natural rate of healing is unusually fast.
You are covered in fur. (AC +1)
You have very tough skin. (AC +2)


Message History

You block the bat's attack.
The leopard gecko hisses angrily.
You scratch the bat.
The bat is moderately wounded.
The bat barely misses you. The orc hits you with a trident.
You scratch the orc but do no damage. You block the bat's attack.
You block the orc's attack.
You scratch the orc but do no damage. You block the bat's attack.
The orc hits you with a trident.
You scratch the bat.
You kill the bat!
The orc barely misses you.
You claw the orc!
You kill the orc!
Your Shields skill increases to level 3!
Your Spellcasting skill increases to level 1!
You block the leopard gecko's attack.
The leopard gecko bites you but does no damage.
Unknown command.
Are you sure you want to abandon this character and quit the game? (Confirm with "yes".)

#...........
#...........
#...........
#...........
#..........
#......#.#
#...†)...#
####...@l...#
#........!..#
#........#..#
#.......(# .#
###<..##.# #
###.# ... ###
..... ...#.
###


You could see a leopard gecko.

Vanquished Creatures
  3 dart slugs (D:1)
  A leopard gecko (D:1)
  An orc (D:2)
  3 bats
  A giant cockroach (D:1)
  2 hobgoblins (D:1)
  5 kobolds (D:1)
  2 goblins (D:1)
18 creatures vanquished.

Notes
Turn   | Place    | Note
-------+----------+-------------------------------------------
     0 | D:1      | CougarLife the Troll Fighter began the quest for the Orb.
     0 | D:1      | Reached XP level 1. HP: 22/22 MP: 0/0
   156 | D:1      | Reached XP level 2. HP: 28/29 MP: 1/1
   725 | D:2      | Reached skill level 3 in Shields
   725 | D:2      | Reached skill level 1 in Spellcasting
   726 | D:2      | Quit the game

Vault maps used:
D:1:      lemuel_arrival_room, minivault_5, corexii_item_surrounded_by_moat
D:2:      uniq_sigmund

Skill      XL: |  1  2 |
---------------+-------+-----
Shields        | 3 |  3.0
Spellcasting   | 1 |  1.0
Fighting       | |  2.4
Dodging        | |  2.4
Unarmed Combat | |  2.0

Action                   || total
-------------------------++-------
Melee: Unarmed           ||    50
  Eat: Chunk             ||     5
Armor: Robe              ||    18
Dodge: Dodged            ||    15
Block: Shield            ||    20

Table legend:
 A = Spawn XP
 B = Non-spawn XP
 C = Spawn XP percentage of total XP
 D = Spawn monster count
 E = Non-spawn monster count
 F = Spawn count percentage of total count
 G = Total turns spent on level
                    A         B        C        D         E        F      G
               +---------+---------+-------+---------+---------+-------+---------
         Total |       0 |      39 |   0.0 |       0 |      18 |   0.0 |   726
               +---------+---------+-------+---------+---------+-------+---------
           D:1 |       0 |      35 |   0.0 |       0 |      16 |   0.0 |   715
           D:2 |       0 |       4 |   0.0 |       0 |       2 |   0.0 |    11
               +---------+---------+-------+---------+---------+-------+---------
